 Dungeon Crawl Stone Soup version 0.25.0-15-gac7dcb8 (webtiles) character file.

Game seed: 11993683601741765239

1028 kcm the Cudgeler (level 8, -4/70 HPs)
             Began as a Minotaur Fighter on June 29, 2020.
             Slain by a yak (10 damage)
             ... on level 5 of the Dungeon on June 30, 2020.
             The game lasted 00:41:49 (4176 turns).

kcm the Cudgeler (Minotaur Fighter)                 Turns: 4176, Time: 00:41:50

Health: -4/70      AC:  7    Str: 22 (23) XL:     8   Next: 3%
Magic:  7/7        EV:  8    Int:  4 (5)  God:
Gold:   151        SH: 10    Dex:  7 (10) Spells: 7/7 levels left

rFire    + + .     SeeInvis .   w - +0 flail (holy)
rCold    x x .     Gourm    .   c - +0 kite shield
rNeg     . . .     Faith    .   b - +0 scale mail
rPois    .         Spirit   .   (helmet restricted)
rElec    +         Reflect  .   (no cloak)
rCorr    .         Harm     .   (no gloves)
MR       +....                  (no boots)
Stlth    ..........             (no amulet)
HPRegen  0.21/turn              g - ring of fire
MPRegen  0.10/turn              p - ring of fire

@: no status effects
A: retaliatory headbutt, beak, hooves 1, horns 2, magic resistance 1,
electricity resistance
a: no special abilities


You were on level 5 of the Dungeon.
You were not hungry.

You visited 1 branch of the dungeon, and saw 5 of its levels.
You also visited: Ossuary.

You collected 151 gold pieces.

Inventory:

Hand Weapons
 a - a +0 flail
 e - a +0 hunting sling
 h - a +0 dagger
 w - a +0 flail of holy wrath (weapon)
Armour
 b - a +0 scale mail (worn)
 c - a +0 kite shield (worn)
Jewellery
 g - a ring of fire (left hand)
 p - a ring of fire (right hand)
Wands
 q - a wand of clouds (5)
 s - a wand of polymorph (12)
Scrolls
 i - 5 scrolls of teleportation {unknown}
 j - 2 scrolls of identify {unknown}
 k - a scroll of fear {unknown}
 l - a scroll of magic mapping {unknown}
 n - a scroll of fog {unknown}
 o - 2 scrolls of remove curse {unknown}
 y - a scroll of blinking {unknown}
 A - a scroll of noise {unknown}
Potions
 d - a potion of might
 m - 2 potions of curing
 t - a potion of haste
 v - a potion of lignification {unknown}
 x - a potion of berserk rage {unknown}
 z - a potion of ambrosia
Comestibles
 f - 4 rations


   Skills:
 + Level 5.7 Fighting
 * Level 7.2 Maces & Flails
 * Level 7.0 Armour
 - Level 1.0 Dodging
 + Level 5.7 Shields


You had 7 spell levels left.
You didn't know any spells.
Your spell library contained the following spells:

 Spells                   Type           Power        Failure   Level  Hunger
 Beastly Appendage        Tmut           #.....       99%         1    ##.....
 Summon Small Mammal      Summ           #...         99%         1    ##.....
 Call Imp                 Summ           #.......     100%        2    ###....
 Sticks to Snakes         Tmut           #.......     100%        2    ###....
 Call Canine Familiar     Summ           #.......     100%        3    ####...
 Spider Form              Tmut/Pois      #.........   100%        3    ####...
 Summon Guardian Golem    Hex/Summ       #.......     100%        3    ####...
 Ice Form                 Ice/Tmut       #.......     100%        4    #####..
 Summon Ice Beast         Ice/Summ       #.......     100%        4    #####..
 Summon Lightning Spire   Summ/Air       #.......     100%        4    #####..
 Blade Hands              Tmut           #.........   100%        5    ######.


Dungeon Overview and Level Annotations

Branches:
Dungeon (5/15)            Ossuary (visited)
 Temple: D:4-7

Altars:
Ashenzari
Elyvilon
Gozag
Kikubaaqudgha
Wu Jian

Shops:
D:4 =(

Annotations:
D:3 1 runed translucent door


Innate Abilities, Weirdness & Mutations

You reflexively headbutt those who attack you in melee.
You have a pair of horns on your head.
You have a beak for a mouth.
You have large cloven feet.
You are resistant to hostile enchantments. (MR+)
You are resistant to electric shocks. (rElec)


Message History

The worker ant closely misses you. The yak gores you!
* * * LOW HITPOINT WARNING * * *
It was a potion of mutation.
You feel extremely strange.
You feel resistant to hostile enchantments.
Your mouth lengthens and hardens into a beak!
Your feet thicken and deform.
You feel insulated.
The worker ant bites you but does no damage.
The yak gores you but does no damage.
You hit the worker ant.
The worker ant is severely wounded.
The worker ant barely misses you. The yak gores you but does no damage.
You hit the worker ant. You kick the worker ant.
You kill the worker ant!
Your Armour skill increases to level 7!
The yak gores you.
* * * LOW HITPOINT WARNING * * *
There is a stone staircase leading up, spattered with blood here.
You can't go down here!
The yak gores you!
You die...

#.............
#.####.###### #.# #.# #.#
#.# #.# #.# #.# #.# #.# #.#
##### #.# #.# #...# #.# #@#
###.#.###
..####.####Y######...#...#
..................).#####.#
...####.###########)).#...#
#.# ###)#.### ..# #...#
####### ##### ##.## ..#
#8_8# #.# #.# #...# #.#


You could see a yak.

Vanquished Creatures
  3 yaks (D:5)
  An elf zombie (Ossuary)
  A scorpion (D:4)
  A crimson imp (D:4)
  3 human zombies (Ossuary)
  2 orc wizards (D:5)
  Ijyb (D:3)
  Jessica (D:3)
  An iguana (D:4)
  Natasha (thrice) (D:3)
  A worker ant (D:5)
  A big kobold zombie (Ossuary)
  2 mummies (Ossuary)
  An adder (D:5)
  An ooze (D:4)
  An adder zombie (Ossuary)
  2 dart slugs
  2 leopard geckos (D:1)
  8 orcs
  2 giant cockroaches
  3 goblins
  3 hobgoblins
  4 jackals (D:3)
  A quokka (D:4)
  A ball python (D:3)
  3 bats
  A frilled lizard (D:4)
  A goblin zombie (Ossuary)
  8 hobgoblin zombies (Ossuary)
  3 jackal zombies (Ossuary)
  4 kobolds
  10 kobold zombies (Ossuary)
  7 orc zombies (Ossuary)
  4 rats
  2 rat zombies (Ossuary)
93 creatures vanquished.

Notes
Turn   | Place    | Note
-------+----------+-------------------------------------------
     0 | D:1      | kcm the Minotaur Fighter began the quest for the Orb.
     0 | D:1      | Reached XP level 1. HP: 19/19 MP: 0/0
   254 | D:1      | Reached XP level 2. HP: 23/27 MP: 1/1
   909 | D:3      | Found a white marble altar of Elyvilon.
   909 | D:3      | Found a runed translucent door.
   909 | D:3      | Noticed an angel
  1092 | D:3      | Noticed Jessica
  1103 | D:3      | Killed Jessica
  1103 | D:3      | Reached XP level 3. HP: 33/33 MP: 2/2
  1442 | D:3      | Noticed Natasha
  1450 | D:3      | Killed Natasha
  1450 | D:3      | Reached XP level 4. HP: 36/40 MP: 3/3
  1706 | D:3      | Noticed Natasha
  1717 | D:3      | Killed Natasha
  1953 | D:3      | Noticed Ijyb
  1958 | D:3      | Killed Ijyb
  2314 | D:3      | Noticed Natasha
  2323 | D:3      | Killed Natasha
  2323 | D:3      | Reached XP level 5. HP: 41/47 MP: 4/4
  2522 | D:4      | Reached skill level 5 in Maces & Flails
  2522 | D:4      | Reached skill level 1 in Dodging
  2525 | D:4      | Found Nominuf's Jewellery Shoppe.
  2552 | D:4      | Reached skill level 5 in Armour
  2555 | D:4      | Reached XP level 6. HP: 53/53 MP: 5/5
  2697 | D:4      | Found a sand-covered staircase.
  2705 | Ossuary  | Entered an ossuary
  3268 | Ossuary  | Reached skill level 5 in Fighting
  3268 | Ossuary  | Reached skill level 5 in Shields
  3277 | Ossuary  | Reached XP level 7. HP: 60/61 MP: 6/6
  3362 | D:4      | Found an ancient bone altar of Kikubaaqudgha.
  3368 | D:4      | Found a shattered altar of Ashenzari.
  3369 | D:4      | Found an ornate altar of the Wu Jian Council.
  3462 | D:4      | Found Mionopt's Weapon Shop.
  3739 | D:5      | Entered Level 5 of the Dungeon
  3994 | D:5      | Found an opulent altar of Gozag.
  4039 | D:5      | Noticed a yak
  4039 | D:5      | Noticed a yak
  4040 | D:5      | Noticed a yak
  4041 | D:5      | Noticed a yak
  4053 | D:5      | Killed a yak
  4069 | D:5      | Killed a yak
  4086 | D:5      | HP: 2/61 [yak (7)]
  4141 | D:5      | Killed a yak
  4141 | D:5      | Reached XP level 8. HP: 24/70 MP: 7/7
  4159 | D:5      | Gained mutation: You are resistant to hostile enchantments.
                  | (MR+) [potion of mutation]
  4159 | D:5      | Gained mutation: You have a beak for a mouth. [potion of
                  | mutation]
  4159 | D:5      | Gained mutation: You have large cloven feet. [potion of
                  | mutation]
  4159 | D:5      | Gained mutation: You are resistant to electric shocks.
                  | (rElec) [potion of mutation]
  4161 | D:5      | HP: 2/70 [yak (6)]
  4176 | D:5      | Slain by a yak

Illustrated notes

Levels and vault maps discovered:
D:1:      heliophobic_arrival_ceremonial_halls, layout_loops_ring
D:2:      minmay_diamond_boxcup, layout_loops_ring, overflow_temple_1_default,
          minitemple, uniq_terence
D:3:      layout_basic, lemuel_angel_altar, uniq_jessica, uniq_ijyb,
          uniq_natasha
D:4:      layout_loops_ring, gammafunk_temple_overflow_forgotten,
          nicolae_ossuary_entry_ruins, gup_sewer_entry_bowl, serial_shops,
          nicolae_shop_stone, nicolae_shop_window_shopping
D:5:      layout_loops_ring, kennysheep_mini, bloody_trog,
          grunt_gozag_breadcrumbs, vehumet_crystals, first_ration, sigmund_army,
          uniq_eustachio, uniq_pikel

Skill      XL: |  1  2  3  4  5  6  7  8 |
---------------+-------------------------+-----
Armour         | 4 5 6 7 |  7.0
Fighting       | 4 5 |  5.7
Maces & Flails | 3 4 5 6 7 |  7.2
Shields        | 4 5 |  5.7
Dodging        | 1 |  1.0

Action                   |  1- 3 |  4- 6 |  7- 9 || total
-------------------------+-------+-------+-------++-------
Melee: Flail             |    57 |   158 |    73 ||   288
       Headbutt          |     9 |    22 |    14 ||    45
       Kick              |       |       |     1 ||     1
Evoke: Wand              |       |       |     1 ||     1
  Use: Potion            |       |       |     5 ||     5
  Eat: Chunk             |     2 |     1 |       ||     3
       Ration            |       |     2 |     1 ||     3
Armor: Scale mail        |    25 |    42 |    24 ||    91
Dodge: Dodged            |    11 |    43 |    17 ||    71
Block: Kite shield       |    26 |    69 |    23 ||   118
